Map: Pillars of Gold LE

Players

Strange

  • Race: Protoss Protoss
  • League: Master
  • Spawn Location: 1:00

uwuThermal (uThermal) - Winner!

  • Race: Terran Terran
  • League: Grandmaster
  • Spawn Location: 7:00

VOD

Have the link to the VOD?

Description

Time

  • Played on: Jan. 21, 2021, 12:56 p.m.
  • Length: 17:04
Show
View Real Time Build Order
Export as new Build Order

Strange Protoss 

Build Orders: 1 Gate Expand, Blink Stalkers, Colossus Rush 

Get SALT Encoding   

  12  0:00  Probe  
  13  0:12  Probe  
  14  0:18  Pylon  
  14  0:24  Probe (Chrono Boost)  
  15  0:38  Probe (Chrono Boost), Gateway  
  16  0:43  Probe (Chrono Boost)  
  16  0:47  Assimilator  
  17  0:53  Probe  
  18  1:05  Probe  
  19  1:17  Probe  
  20  1:25  Nexus  
  20  1:35  Cybernetics Core  
  20  1:38  Probe  
  21  1:47  Assimilator  
  21  1:50  Probe  
  21  1:53  Pylon  
  22  2:02  Probe  
  23  2:08  Adept (Chrono Boost)  
  23  2:11  Warp Gate  
  23  2:15  Probe  
  26  2:28  Twilight Council, Probe (Chrono Boost)  
  27  2:32  Stalker (Chrono Boost)  
  29  2:37  Probe (Chrono Boost)  
  31  2:45  Probe (Chrono Boost)  
  31  2:46  Probe (Chrono Boost)  
  32  2:52  Probe  
  32  2:54  Stalker  
  32  2:56  Probe  
  36  3:04  Probe  
  36  3:05  Blink (Chrono Boost)  
  37  3:08  Probe  
  38  3:17  Probe, Shield Battery  
  39  3:21  Probe  
  39  3:25  Gateway  
  40  3:29  Probe  
  40  3:32  Robotics Facility  
  41  3:36  Probe  
  41  3:39  Pylon  
  42  3:42  Probe  
  42  3:46  Assimilator  
  43  3:52  Probe  
  43  3:53  Assimilator  
  43  3:54  Probe  
  45  4:04  Pylon, Probe  
  45  4:06  Probe  
  47  4:11  Sentry  
  47  4:15  Shield Battery  
  47  4:16  Probe  
  50  4:17  Pylon  
  50  4:18  Probe  
  50  4:19  Observer (Chrono Boost)  
  50  4:22  Robotics Bay  
  52  4:26  Stalker  
  52  4:28  Probe  
  52  4:29  Pylon  
  55  4:32  Observer (Chrono Boost)  
  55  4:34  Probe  
  57  4:40  Stalker  
  59  4:46  Pylon  
  59  4:49  Gateway  
  59  4:50  Gateway  
  59  4:54  Observer  
  59  4:57  Stalker  
  62  5:07  Stalker, Forge  
  64  5:12  Colossus (Chrono Boost)  
  70  5:23  Extended Thermal Lance (Chrono Boost)  
  70  5:31  Observer  
  70  5:34  Observer  
  70  5:38  Protoss Ground Weapons Level 1 (Chrono Boost), Nexus  
  70  5:39  Pylon  
  70  5:48  Probe x2  
  72  5:51  Photon Cannon  
  72  5:56  Colossus (Chrono Boost)  
  78  6:04  Stalker  
  78  6:07  Stalker  
  82  6:15  Probe  
  82  6:16  Probe  
  84  6:28  Probe x2  
  84  6:30  Stalker x3  
  92  6:33  Zealot  
  92  6:39  Pylon  
  94  6:44  Probe  
  94  6:48  Colossus (Chrono Boost)  
  94  6:50  Probe  
  94  6:52  Pylon  
  94  6:53  Charge  
  101  6:56  Probe  
  101  6:57  Stalker  
  104  7:02  Probe  
  104  7:05  Observer, Probe  
  104  7:07  Sentry  
  104  7:08  Sentry, Shield Battery  
  110  7:09  Probe  
  110  7:14  Probe, Zealot  
  114  7:17  Probe  
  114  7:21  Probe  
  116  7:23  Gateway  
  116  7:25  Gateway  
  116  7:28  Probe  
  116  7:29  Probe  
  118  7:33  Pylon, Probe  
  119  7:38  Stalker x2  
  119  7:40  Probe  
  119  7:41  Protoss Ground Weapons Level 2 (Chrono Boost)  
  119  7:43  Pylon  
  124  7:51  Pylon, Warp Prism (Chrono Boost)  
  126  7:59  Pylon  
  126  8:00  Zealot x2  
  130  8:08  Zealot x2  
  122  8:29  Colossus  
  122  8:30  Gateway  
  122  8:31  Gateway  
  128  8:35  Zealot x6  
  140  8:42  Pylon  
  140  8:48  Nexus  
  140  8:59  Zealot x2  
  140  9:00  Zealot x3  
  149  9:12  Zealot  
  151  9:24  Zealot x2  
  151  9:25  Zealot x3  
  157  9:34  Protoss Ground Armor Level 1 (Chrono Boost)  
  117  9:40  Zealot x3  
  117  9:45  Zealot x5  
  99  9:51  Templar Archives  
  101  10:05  Sentry x2, Zealot x3  
  101  10:06  Zealot x2  
  109  10:15  Pylon  
  109  10:18  Probe x4  
  113  10:22  Pylon  
  113  10:23  Zealot  
  113  10:28  High Templar x7  
  121  10:33  Archon x3  
  129  10:37  Gateway  
  129  10:39  Gateway  
  129  10:40  Probe x3  
  132  10:44  High Templar  
  132  10:45  Colossus (Chrono Boost)  
  140  10:55  Archon  
  140  10:59  Pylon  
  140  11:06  Stalker x4  
  140  11:07  Stalker  
  150  11:14  Protoss Ground Weapons Level 3 (Chrono Boost)  
  150  11:19  Pylon  
  150  11:20  Zealot x3  
  155  11:33  Photon Cannon  
  155  11:34  Stalker  
  155  11:35  Pylon, Stalker, Zealot x2  
  155  11:38  Shield Battery  
  163  11:40  Zealot x2  
  163  11:41  Zealot  
  161  12:04  Zealot x5  
  161  12:05  Zealot x3  
  161  12:06  Zealot x2  
  181  12:11  Colossus  
  185  12:29  Zealot x7  
  171  12:30  Zealot x2  
  115  12:50  Zealot x3  
  115  12:51  Zealot x2  
  103  12:52  Zealot x2  
  103  12:53  Zealot  
  103  12:55  Colossus (Chrono Boost)  
  103  12:57  Stalker x4, Sentry  
  103  12:58  Zealot x4  
  97  13:11  Stalker  
  99  13:20  Zealot x2, High Templar x2  
  99  13:21  Zealot  
  99  13:24  Nexus  
  99  13:25  Pylon  
  109  13:27  Protoss Ground Armor Level 2  
  109  13:30  Archon  
  109  13:31  Zealot x3  
  109  13:32  Zealot  
  117  13:37  Observer  
  117  13:39  Colossus (Chrono Boost)  
  117  13:46  Photon Cannon  
  117  13:47  Shield Battery  
  123  13:51  Zealot x2  
  123  13:55  Probe x4  
  131  14:04  Assimilator  
  131  14:06  Robotics Facility  
  131  14:07  Probe x3  
  131  14:08  Assimilator  
  134  14:18  Probe  
  134  14:19  Probe x3  
  134  14:20  Disruptor (Chrono Boost)  
  134  14:21  Assimilator  
  141  14:24  Zealot  
  141  14:25  Zealot x3  
  149  14:44  Disruptor (Chrono Boost)  
  152  14:49  Stalker x7  
  146  15:13  Zealot x9  
  145  15:34  Zealot x8  
  116  15:55  Zealot x8  
  110  16:18  High Templar x4  
  110  16:19  Stalker x4  
  110  16:23  Pylon, Archon x2  
  125  16:42  Zealot x4  
  125  16:43  Zealot x3  
  93  16:55  Zealot  
Show
View Real Time Build Order
Export as new Build Order

uwuThermal Terran - Winner!

Build Orders:  

Get SALT Encoding   

  12  0:00  SCV  
  13  0:12  SCV  
  14  0:17  Supply Depot  
  14  0:24  SCV  
  15  0:39  SCV  
  15  0:41  Barracks  
  16  0:45  Refinery  
  16  0:51  SCV  
  17  1:03  SCV  
  18  1:15  SCV  
  19  1:28  Orbital Command, Marine  
  20  1:47  Command Center  
  20  1:54  SCV  
  20  1:55  Barracks Reactor  
  21  2:03  Supply Depot  
  21  2:06  SCV  
  22  2:18  SCV  
  22  2:21  Barracks  
  23  2:31  SCV, Marine x2  
  23  2:32  Refinery  
  26  2:43  SCV  
  26  2:44  Factory  
  27  2:49  Reaper x2  
  29  2:55  SCV  
  30  2:59  Orbital Command  
  30  3:07  SCV  
  30  3:09  Barracks Tech Lab  
  31  3:19  SCV  
  32  3:21  Marine x2  
  32  3:25  SCV  
  35  3:27  Stimpack  
  35  3:28  Marauder  
  35  3:30  Widow Mine  
  35  3:32  SCV  
  40  3:36  Supply Depot  
  40  3:38  SCV  
  40  3:40  Marine  
  42  3:42  Marine  
  42  3:48  Engineering Bay  
  43  3:51  SCV  
  43  3:52  Marauder  
  45  3:58  Marine  
  45  3:59  Marine  
  45  4:00  SCV  
  47  4:03  SCV  
  47  4:04  Widow Mine  
  47  4:08  Supply Depot  
  50  4:12  SCV  
  50  4:14  Marauder  
  50  4:15  Missile Turret  
  53  4:18  SCV  
  54  4:27  Terran Infantry Weapons Level 1  
  54  4:29  SCV, Marine x2  
  57  4:34  Starport  
  59  4:38  Marauder  
  59  4:40  Factory Reactor  
  59  4:45  SCV, Supply Depot  
  60  4:47  SCV  
  60  4:49  Marine  
  62  4:53  Refinery  
  62  4:55  Supply Depot  
  62  5:06  SCV x2, Marine x2  
  68  5:07  Marauder  
  68  5:09  Combat Shield  
  68  5:17  Barracks  
  68  5:18  Supply Depot  
  68  5:19  SCV x2  
  68  5:20  Medivac  
  72  5:23  Medivac  
  72  5:24  Marine x2  
  76  5:29  Marauder  
  76  5:32  Supply Depot  
  78  5:37  Factory Tech Lab  
  78  5:39  SCV x2  
  78  5:42  Marine x2  
  80  5:45  Supply Depot  
  82  5:51  SCV x2  
  82  5:55  Command Center  
  84  6:01  Siege Tank  
  87  6:04  SCV  
  87  6:05  Barracks Tech Lab  
  87  6:06  Marauder  
  87  6:07  Marine  
  87  6:08  Marine  
  92  6:13  SCV, Supply Depot  
  92  6:17  SCV  
  94  6:25  Marauder, Concussive Shells  
  96  6:26  SCV  
  96  6:27  Marauder  
  96  6:30  Refinery  
  99  6:33  Siege Tank  
  99  6:36  SCV  
  99  6:37  Marine, Supply Depot  
  104  6:44  Terran Infantry Armor Level 1  
  104  6:45  SCV, Supply Depot  
  105  6:49  Marine  
  105  6:50  Marauder  
  105  6:52  Marauder  
  109  6:59  Marine, Supply Depot  
  109  7:00  SCV  
  109  7:01  Medivac  
  113  7:03  Medivac  
  113  7:05  SCV  
  116  7:10  Marine  
  116  7:11  Marauder  
  116  7:15  SCV  
  122  7:17  Marine  
  121  7:24  SCV, Barracks  
  121  7:28  Barracks  
  121  7:29  Siege Tank  
  125  7:34  SCV, Missile Turret  
  126  7:38  Orbital Command  
  126  7:40  SCV  
  126  7:43  Marine x2  
  129  7:46  SCV  
  129  7:47  Marauder  
  129  7:50  Marauder  
  134  7:54  Supply Depot  
  134  7:56  Supply Depot  
  134  7:59  Armory  
  134  8:01  SCV, Marine  
  134  8:02  Engineering Bay  
  135  8:06  Marine  
  135  8:07  SCV  
  135  8:08  Marauder  
  135  8:11  Marine  
  132  8:19  Marine, Siege Tank  
  118  8:20  SCV x2  
  118  8:22  Barracks Tech Lab  
  118  8:24  Barracks Reactor  
  117  8:29  Bunker, Marauder x2  
  117  8:30  Medivac x2  
  117  8:32  Bunker, Marine  
  126  8:38  Refinery x2  
  126  8:41  Marine  
  126  8:42  Marauder  
  126  8:43  Missile Turret  
  126  8:48  Terran Infantry Weapons Level 2, Missile Turret  
  129  8:50  Marine  
  129  8:51  Siege Tank, Supply Depot, Marauder x2  
  129  8:55  SCV  
  138  8:58  Supply Depot  
  138  8:59  Marine, Supply Depot  
  139  9:02  Marine  
  139  9:04  Missile Turret  
  139  9:09  Command Center  
  140  9:14  SCV  
  140  9:15  Sensor Tower, Marine  
  140  9:16  Marauder  
  144  9:20  Terran Infantry Armor Level 2  
  144  9:22  Terran Vehicle Weapons Level 1  
  144  9:23  Marine  
  145  9:25  SCV, Marine  
  145  9:28  Siege Tank  
  129  9:44  Marine  
  129  9:45  Marauder  
  118  9:48  Viking x2  
  118  9:51  Marine x3, Marauder x2  
  122  10:00  Siege Tank  
  122  10:06  Marauder  
  124  10:07  Marine  
  124  10:08  Marine  
  124  10:09  Command Center  
  124  10:13  Bunker, Marauder  
  128  10:14  Ghost Academy  
  128  10:16  Bunker  
  128  10:21  Medivac x2, Marine x2  
  130  10:22  Marauder  
  130  10:24  SCV  
  130  10:27  Marine  
  138  10:28  Bunker, Marine  
  138  10:30  Marine, Supply Depot  
  138  10:32  Siege Tank  
  143  10:36  Marine  
  143  10:39  Marine  
  145  10:43  Marauder  
  145  10:45  Enhanced Shockwaves  
  145  10:47  Marine x2  
  145  10:48  Marauder  
  151  10:51  Missile Turret  
  151  10:53  Marine  
  154  10:58  Ghost  
  154  11:03  Marine  
  154  11:04  Ghost  
  155  11:09  Ghost  
  155  11:10  Viking x2  
  163  11:11  Siege Tank  
  163  11:12  Marine x2, Supply Depot  
  168  11:21  Command Center  
  168  11:30  Terran Infantry Weapons Level 3  
  168  11:31  Marine  
  168  11:32  Marauder  
  171  11:35  SCV  
  171  11:37  Marine  
  173  11:42  Marine  
  173  11:43  SCV, Siege Tank, Marauder  
  179  11:47  SCV x2  
  179  11:48  Marine  
  182  11:55  SCV  
  182  11:56  Terran Infantry Armor Level 3  
  182  11:59  SCV  
  182  12:00  Marine  
  186  12:01  Marine, Missile Turret  
  186  12:07  Marine x2  
  186  12:08  Marine  
  188  12:10  Marine  
  188  12:15  Marine  
  190  12:16  Siege Tank  
  191  12:26  Marauder  
  191  12:28  Marine, Marauder  
  166  12:31  Viking x2  
  148  12:39  Marine x2  
  148  12:40  Marauder  
  146  12:48  Marauder  
  138  12:54  Marine, Marauder  
  138  12:55  SCV  
  138  12:57  Marine  
  138  12:58  SCV, Marine  
  141  13:01  Viking x2, Marauder  
  141  13:02  Planetary Fortress  
  148  13:08  Missile Turret, Marine  
  148  13:09  Marauder  
  148  13:12  Marine  
  152  13:13  Siege Tank  
  152  13:17  Marine, Marauder  
  158  13:20  Marine  
  158  13:22  Marine  
  158  13:26  Orbital Command, Marine  
  161  13:31  Marine, Marauder  
  161  13:33  Sensor Tower  
  164  13:34  Marine  
  164  13:39  Marauder  
  167  13:45  Siege Tank  
  167  13:46  Marine x2  
  167  13:47  Command Center  
  171  13:50  Liberator  
  171  13:51  Marine  
  171  13:52  Marine  
  171  13:55  Liberator  
  176  13:56  Marine  
  176  13:57  Marine  
  176  14:00  Marine  
  182  14:04  Marine x2  
  182  14:09  Marine  
  185  14:10  Marauder  
  185  14:15  Marauder  
  189  14:17  Siege Tank  
  189  14:21  Barracks  
  189  14:23  Barracks  
  189  14:24  Marine x2, Marauder, Barracks  
  192  14:28  Marine  
  192  14:29  Marine  
  198  14:31  Marauder  
  198  14:33  Command Center  
  198  14:45  Viking, Orbital Command  
  200  14:47  Marine  
  200  14:48  Marauder  
  200  14:52  Marine, Marauder  
  196  14:58  Marine  
  196  14:59  Marauder  
  183  15:01  Marine  
  183  15:04  Liberator  
  183  15:05  Marine  
  185  15:09  Marauder  
  185  15:14  Marine, Marauder  
  187  15:17  Orbital Command  
  187  15:19  Marine  
  187  15:20  Marauder  
  179  15:27  Siege Tank  
  182  15:28  Marine  
  182  15:31  Marauder  
  182  15:35  Marauder  
  164  15:56  Marine x2  
  164  15:57  Marauder x2  
  146  16:10  Orbital Command  
  139  16:12  Marine  
  139  16:13  Marine  
  138  16:27  Marine x2  
  140  16:33  Medivac  
  140  16:38  Marine  
Tags
 
Add a new tag
Caveats
  • Supply blocks, unpowered buildings, or Contaminate may cause inaccurate times.
  • Supply counts are checked every 10 seconds.